 Dungeon Crawl Stone Soup version 0.31.0-32-g396128a36d (webtiles) character file.

Game seed: 9780311249834512825

314 firemarshallily the Chopper (level 6, -4/40 (48) HPs)
             Began as a Demonspawn Gladiator on Apr 25, 2024.
             Was an Initiate of Makhleb.
             Slain by a wight
             ... wielding a +0 hand axe
              (7 damage)
             ... on level 4 of the Dungeon.
             The game lasted 00:08:14 (3027 turns).

firemarshallily the Chopper (Demonspawn Gladiator)  Turns: 3027, Time: 00:08:15

HP:   -4/40 (48)    AC:  9    Str: 17    XL:     6   Next: 19%
MP:   6/6           EV: 12    Int: 14    God:    Makhleb [......]
Gold: 12            SH:  4    Dex: 14    Spells: 5/5 levels left

rFire   . . .        a - +0 war axe (vamp)
rCold   + . .        (no shield)
rNeg    . . .        t - +3 leather armour {rC+}
rPois   .            c - +0 helmet
rElec   .            r - +0 cloak
rCorr   .            (no gloves)
SInv    .            m - +0 pair of boots
Will    .....        (no amulet)
Stlth   +            o - +6 ring of intelligence
HPRegen 0.26/turn    (no ring)
MPRegen 0.10/turn

%: no passive effects
@: mighty, brilliant, attractive, heavily drained
A: large bone plates 1, demonic guardian 1, weakness stinger 1
a: Renounce Religion


You were on level 4 of the Dungeon.
You worshipped Makhleb.
Makhleb was noncommittal.
You visited 2 branches of the dungeon, and saw 5 of its levels.

You collected 252 gold pieces.
You spent 240 gold pieces at shops.

Inventory:

Hand Weapons
 a - a +0 vampiric war axe (weapon)
Missiles
 d - 3 throwing nets (quivered)
Armour
 c - a +0 helmet (worn)
 m - a +0 pair of boots (worn)
 r - a +0 cloak (worn)
 t - a +3 leather armour of cold resistance (worn)
Jewellery
 o - a +6 ring of intelligence (left hand)
Scrolls
 b - a scroll of amnesia {unknown}
 f - a scroll of poison {unknown}
 h - 2 scrolls of silence
 i - 2 scrolls of teleportation
 n - 2 scrolls of enchant armour {unknown}
 p - a scroll of revelation
 w - a scroll of enchant weapon {unknown}
Potions
 j - a potion of attraction
 k - 2 potions of lignification
 l - a potion of brilliance
 s - a potion of haste {unknown}
 u - a potion of degeneration {unknown}
 v - a potion of heal wounds {unknown}


   Skills:
 * Level 4.1 Fighting
 * Level 4.3 Axes
 - Level 1.7 Throwing
 + Level 1.9 Armour
 + Level 3.4 Dodging


You had 5 spell levels left.
You didn't know any spells.
Your spell library contained the following spells:

 Spells                   Type           Power      Damage    Failure   Level
 Scorch                   Fire           0%         2d5       45%         2
 Flame Wave               Conj/Fire      0%         2d4       98%         4
 Summon Cactus Giant      Summ           0%         N/A       100%        6


Dungeon Overview and Level Annotations

Branches:
Dungeon (4/15)             Temple (1/1) D:4

Altars:
Ashenzari
Cheibriados
Dithmenos
Gozag
Hepliaklqana
Kikubaaqudgha
Makhleb
Nemelex Xobeh
Okawaru
Qazlal
Ru
Sif Muna
Trog
Uskayaw
Vehumet
Wu Jian
Xom
Yredelemnul

Shops:
D:1 [


Innate Abilities, Weirdness & Mutations

You are partially covered in large bone plates. (SH +4)
A weak demonic guardian rushes to your aid.
You have a small tail.


Message History

There is a stone staircase leading down here.
You climb downwards.
There is a stone staircase leading up here.
You open the door.
There is an open door here.
A hobgoblin comes into view.
The hobgoblin closely misses you.
You slash the hobgoblin!
You kill the hobgoblin!
Makhleb accepts your kill. As you open the door, it creaks loudly!
There is an open door here.
Found a +0 robe.
Found a stone staircase leading down.
There is an open door here.
The wight zaps a wand.
You resist with some effort.
You hit the wight but do no damage.
The wight zaps a wand.
Your will is overpowered!
You are confused.
You closely miss the wight. The wight hits you with a +0 hand axe.
You feel drained. The wight hits you with a +0 hand axe.
You feel drained.
You bump into the rock wall.
You slash the wight!
The wight is heavily damaged.
The wight closely misses you.
The wight hits you with a +0 great sword!
A demonic guardian appears!
You feel drained.
It was a potion of attraction.
You feel attractive to monsters.
You feel less confused. The wight hits you but does no damage.
The wight hits you with a +0 hand axe.
You feel drained. You block the wight's attack.
It was a potion of brilliance.
You feel clever all of a sudden.
The wight hits you from afar with a +0 trident.
* * * LOW HITPOINT WARNING * * *
The wight barely misses you. The wight closely misses you.
It was a potion of might.
You feel very mighty all of a sudden.
The wight hits you from afar with a +0 trident!
* * * LOW HITPOINT WARNING * * *
You feel drained. The wight hits you with a +0 hand axe!
You die...

# #..........#.#....#.## #
#..........#.######.## #####
#..........#.# #.## ....#
#..........#.######.## ###.#
#..........#.......... #
..#######()........#..........
#
#.......)..........#..........
###..........5.....#..........
#>.........@z....#..........
#.......####z#####..........
#.......# #z# #....<.....
#.......# #z# #..........
#.......# ... #..........
#.......# #...> +...........
.... #.....###.........
#....[# #######.## # #.....#
#.#


You could see 4 wights and a friendly shadow imp (summoned).

Vanquished Creatures
  A wight (D:4)
  A sleepcap (D:4)
  2 orc wizards (D:3)
  6 gnolls
  3 adders
  A ribbon worm (D:2)
  3 dart slugs
  7 orcs
  9 endoplasms
  3 giant cockroaches
  6 goblins
  6 hobgoblins
  5 jackals (D:3)
  5 kobolds
  A quokka (D:1)
  5 ball pythons
  7 bats
  2 frilled lizards
  4 rats
77 creatures vanquished.

Vanquished Creatures (collateral kills)
  A gnoll (D:2)
  A quokka (D:1)
  A rat (D:1)
3 creatures vanquished.

Grand Total: 80 creatures vanquished

Notes
Turn   | Place    | Note
-------+----------+-------------------------------------------
     0 | D:1      | firemarshallily the Demonspawn Gladiator began the quest
                  | for the Orb.
     0 | D:1      | Reached XP level 1. HP: 16/16 MP: 1/1
    88 | D:1      | Found Ediasoro's Armour Shop.
    88 | D:1      | Noticed an animated plate armour
    96 | D:1      | Noticed an animated shadow dragon scales
   133 | D:1      | Gained mutation: A weak demonic guardian rushes to your
                  | aid. [demonic ancestry]
   133 | D:1      | Reached XP level 2. HP: 19/22 MP: 2/2
   606 | D:2      | Reached XP level 3. HP: 28/28 MP: 3/3
  1095 | D:2      | Reached skill level 1 in Armour
  1162 | D:2      | Gained mutation: You have a small tail. [demonic ancestry]
  1162 | D:2      | Reached XP level 4. HP: 26/35 MP: 4/4
  1463 | D:3      | Found an opulent altar of Gozag.
  1658 | D:3      | Reached XP level 5. HP: 39/41 MP: 5/5
  2491 | D:1      | Bought a +3 leather armour of cold resistance for 240 gold
                  | pieces
  2554 | D:4      | Found a staircase to the Ecumenical Temple.
  2590 | Temple   | Entered the Ecumenical Temple
  2599 | Temple   | Became a worshipper of Makhleb the Destroyer
  2772 | D:4      | Gained mutation: You are partially covered in large bone
                  | plates. (SH +4) [demonic ancestry]
  2772 | D:4      | Reached XP level 6. HP: 17/48 MP: 6/6
  3027 | D:4      | Slain by a wight

Illustrated notes

Levels and vault maps discovered:
D:1:      dpeg_arrival_arbitrary_b, layout_basic, serial_shops,
          nicolae_shop_mannequins, st_stairs_9, hangedman_abyss_or_decor_stabs,
          hangedman_decor_push, hangedman_feature_mirror, minmay_crystal_water
D:2:      minmay_door_path, layout_loops_ring
D:3:      layout_loops_ring, mainiacjoe_overflow_small_starburst
D:4:      layout_basic, temple_doors_e, feat_on_display
Temple:   nicolae_temple_bog_church

Skill      XL: |  1  2  3  4  5 |
---------------+----------------+-----
Axes           | 3 4 |  4.3
Armour         | 1 |  1.9
Fighting       | 3 4 |  4.1
Dodging        | 3 |  3.4
Throwing       | |  1.7

Action                     |  1- 3 |  4- 6 || total
---------------------------+-------+-------++-------
  Melee: War axe           |   118 |    95 ||   213
         Punch             |     2 |       ||     2
         Tailslap          |       |     9 ||     9
  Throw: Javelin           |       |     1 ||     1
    Use: Potion            |       |     6 ||     6
         Scroll            |       |     5 ||     5
 Armour: Leather armour    |    68 |    72 ||   140
         Skin              |       |    18 ||    18
  Dodge: Dodged            |    84 |    64 ||   148
  Block: Other             |       |     1 ||     1
